 Dungeon Crawl Stone Soup version 0.23.1-37-gaa34b87 (webtiles) character file.

Game seed: 0

424518 Croc the Eclecticist (level 22, -9/119 HPs)
             Began as a Spriggan Assassin on Mar 19, 2019.
             Was an Initiate of Gozag.
             Mangled by a juggernaut (61 damage)
             ... on level 3 of the Depths on Mar 20, 2019.
             The game lasted 07:19:40 (70061 turns).

Croc the Eclecticist (Spriggan Assassin)           Turns: 70061, Time: 07:19:41

Health: -9/119     AC: 17    Str: 11    XL:     22   Next: 40%
Magic:  48/50      EV: 29    Int: 18    God:    Gozag
Gold:   9133       SH: 10    Dex: 17    Spells: 18/59 levels left

rFire    + + +     SeeInvis +   a - +10 rapier "Ydwer" {freeze, +Rage rElec rPois rC-}
rCold    . . .     Gourm    .   X - +2 buckler {reflect}
rNeg     + . .     Faith    .   h - +5 fire dragon scales
rPois    +         Spirit   .   B - -2 hat of the Alchemist {rElec rPois rF+ rC+ rN+ MR+ rMut rCorr}
rElec    +         Reflect  +   Z - +2 cloak {rC+}
rCorr    +         Harm     .   (gloves unavailable)
rMut     +                      (boots unavailable)
MR       ++++.                  q - amulet "Ecouskid" {RegenMP rPois Int+4 Dex-3}
Stlth    +++++.....             K - ring of wizardry
HPRegen  0.29/turn              M - ring "Pooq" {rElec EV+5 Str-2 Slay+4 SInv}
MPRegen  0.57/turn

@: very quick
A: very small, unfitting armour, hooves 1, see invisible, herbivore, speed 3,
high mp 1, slow metabolism 2, sturdy frame 1
}: 3/15 runes: decaying, silver, gossamer
a: Potion Petition, Call Merchant, Bribe Branch, Renounce Religion, Evoke
Berserk Rage


You were on level 3 of the Depths.
You worshipped Gozag.
Gozag was greatly pleased with you.
You were not hungry.

You visited 9 branches of the dungeon, and saw 44 of its levels.
You also visited: Sewer, Gauntlet, Ice Cave and Wizlab.

You collected 22531 gold pieces.
You spent 4892 gold pieces at shops.
You paid 8506 gold pieces to Gozag.

Inventory:

Hand Weapons
 a - the +10 rapier "Ydwer" (weapon) {freeze, +Rage rElec rPois rC-}
   (You bought it in a shop on level 7 of the Dungeon)

   It has been specially enchanted to freeze those struck by it, causing extra
   injury to most foes and up to half again as much damage against particularly
   susceptible opponents.
   It can also slow down cold-blooded creatures.
   It makes you vulnerable to cold.
   It insulates you from electricity.
   It protects you from poison.
   It lets you go berserk.
 C - a +9 blowgun
Missiles
 x - 8 throwing nets (quivered)
 I - 21 curare-tipped needles
 Q - 103 poisoned needles
Armour
 h - +5 fire dragon scales (worn)
 B - the -2 hat of the Alchemist (worn) {rElec rPois rF+ rC+ rN+ MR+ rMut rCorr}
   (You found it in an ice cave)

   It protects you from fire.
   It protects you from cold.
   It insulates you from electricity.
   It protects you from poison.
   It protects you from negative energy.
   It affects your resistance to hostile enchantments.
   It provides partial protection from all sources of acid and corrosion.
   It protects you from mutation.
 H - a +3 troll leather armour
 X - a +2 buckler of reflection (worn)
 Z - a +2 cloak of cold resistance (worn)
Magical Staves
 b - an uncursed staff of wizardry
Jewellery
 e - the ring of Robustness {AC+8}
   (You found it on level 3 of the Elven Halls)

   [ring of protection]

   It affects your AC (+8).
 p - an uncursed ring of protection from magic
 q - the amulet "Ecouskid" (around neck) {RegenMP rPois Int+4 Dex-3}
   (You found it on level 5 of the Vaults)

   [amulet of magic regeneration]

   It increases your magic regeneration.
   It affects your intelligence (+4).
   It affects your dexterity (-3).
   It protects you from poison.
 y - a +3 ring of dexterity
 J - the ring "Xohuinlu" {rC++ EV+4 Int+2 Dex+3}
   (You found it on level 1 of the Depths)

   [ring of evasion]

   It affects your evasion (+4).
   It affects your intelligence (+2).
   It affects your dexterity (+3).
   It greatly protects you from cold.
 K - a ring of wizardry (left hand)
 M - the ring "Pooq" (right hand) {rElec EV+5 Str-2 Slay+4 SInv}
   (You found it in a Gauntlet)

   [ring of evasion]

   It affects your evasion (+5).
   It affects your strength (-2).
   It affects your accuracy and damage with ranged weapons and melee attacks
   (+4).
   It insulates you from electricity.
   It lets you see invisible.
 S - an uncursed ring of protection from fire
Wands
 c - a wand of random effects (29)
 v - a wand of clouds (1)
 w - a wand of acid (18)
 G - a wand of digging (13)
 P - a wand of scattershot (2)
 T - a wand of iceblast (16)
Scrolls
 f - 6 scrolls of blinking
 l - 14 scrolls of teleportation
 n - 28 scrolls of remove curse
 s - 2 scrolls of torment {unknown}
 u - 2 scrolls of fear
 D - 5 scrolls of amnesia
 N - 3 scrolls of immolation
 O - 5 scrolls of magic mapping
 U - 8 scrolls of fog
 Y - 5 scrolls of identify
Potions
 i - 12 potions of heal wounds
 j - 4 potions of haste
 k - 4 potions of magic
 m - 4 potions of resistance
 o - 5 potions of brilliance
 r - 5 potions of agility
 t - 18 potions of curing
 z - 6 potions of ambrosia
 A - 2 potions of berserk rage
 E - 5 potions of might
 F - 9 potions of flight
 L - 3 potions of cancellation
Miscellaneous
 d - a lamp of fire
Comestibles
 g - 41 rations


   Skills:
 - Level 13.6 Fighting
 - Level 14.0 Short Blades
   Level 6.4 Polearms
 - Level 7.0 Throwing
 * Level 9.1 Armour
 - Level 13.7 Dodging
 - Level 16.8 Stealth
 - Level 7.2 Shields
 - Level 19.2 Spellcasting
 - Level 2.0 Conjurations
 - Level 11.0 Hexes
 - Level 6.7 Charms
 - Level 11.4 Summonings
 - Level 3.5 Necromancy
 - Level 15.9 Translocations
 - Level 2.0 Fire Magic
 - Level 5.0 Ice Magic
 - Level 6.3 Air Magic
 - Level 5.0 Evocations


You had 18 spell levels left.
You knew the following spells:

 Your Spells              Type           Power        Failure   Level  Hunger
a - Ensorcelled Hibernat  Hex/Ice        #####.       1%          2    None
b - Confuse               Hex            ######..     1%          3    None
c - Tukima's Dance        Hex            ######..     1%          3    None
d - Summon Lightning Spi  Summ/Air       #####...     1%          4    None
e - Regeneration          Chrm/Necr      #####.....   1%          3    None
f - Blink                 Tloc           N/A          0%          2    None
g - Summon Mana Viper     Hex/Summ       ######..     1%          5    ##.....
h - Deflect Missiles      Chrm/Air       #####.....   38%         6    #####..
i - Malign Gateway        Summ/Tloc      ######....   12%         7    ######.
j - Conjure Flame         Conj/Fire      ###.....     5%          3    None
k - Recall                Summ/Tloc      N/A          1%          3    None

Your spell library contained the following spells:

 Spells                   Type           Power        Failure   Level  Hunger
 Apportation              Tloc           ######       0%          1    None
 Animate Skeleton         Necr           N/A          1%          1    None
 Confusing Touch          Hex            ######       1%          1    None
 Corona                   Hex            ######.      1%          1    None
 Flame Tongue             Conj/Fire      ###..        1%          1    None
 Freeze                   Ice            ####         1%          1    None
 Infusion                 Chrm           ####         1%          1    None
 Magic Dart               Conj           ###.         1%          1    None
 Pain                     Necr           ####         1%          1    None
 Shock                    Conj/Air       ####         1%          1    None
 Summon Butterflies       Summ           ######..     1%          1    None
 Summon Small Mammal      Summ           ####         1%          1    None
 Call Imp                 Summ           ######..     1%          2    None
 Corpse Rot               Necr           N/A          1%          2    None
 Shroud of Golubria       Chrm/Tloc      ######....   1%          2    None
 Slow                     Hex            ######..     1%          2    None
 Song of Slaying          Chrm           #####...     1%          2    None
 Sublimation of Blood     Necr           ####......   1%          2    None
 Throw Frost              Conj/Ice       ####..       1%          2    None
 Call Canine Familiar     Summ           ######..     1%          3    None
 Dazzling Spray           Conj/Hex       #####.       1%          3    None
 Gell's Gravitas          Tloc           ######....   1%          3    None
 Lesser Beckoning         Tloc           ######....   1%          3    None
 Ozocubu's Armour         Chrm/Ice       #####...     1%          3    None
 Spectral Weapon          Hex/Chrm       #####...     1%          3    None
 Summon Guardian Golem    Hex/Summ       ######..     1%          3    None
 Teleport Other           Tloc           ######..     1%          3    None
 Force Lance              Conj/Tloc      #####...     1%          4    None
 Passage of Golubria      Tloc           N/A          1%          4    None
 Summon Ice Beast         Ice/Summ       #####...     1%          4    None
 Summon Forest            Summ/Tloc      ######....   1%          5    ##.....
 Sting                    Conj/Pois      ###.         2%          1    None
 Searing Ray              Conj           ###...       2%          2    None
 Vampiric Draining        Necr           ####......   2%          3    None
 Fulminant Prism          Conj/Hex       #####.....   2%          4    None
 Silence                  Hex/Air        #####.....   3%          5    ##.....
 Sandblast                Erth           ###...       4%          1    None
 Mephitic Cloud           Conj/Pois/Air  ####....     4%          3    None
 Leda's Liquefaction      Hex/Erth       #####.....   4%          4    None
 Metabolic Englaciation   Hex/Ice        #####.....   4%          5    ##.....
 Ignite Poison            Fire/Tmut/Pois ###.....     9%          3    None
 Stone Arrow              Conj/Erth      ###...       9%          3    None
 Animate Dead             Necr           N/A          9%          4    None
 Throw Icicle             Conj/Ice       ####....     10%         4    None
 Yara's Violent Unravell  Hex/Tmut       #####.....   12%         5    ##.....
 Iskenderun's Mystic Bla  Conj           ###.....     17%         4    None
 Sticky Flame             Conj/Fire      ###.....     17%         4    None
 Summon Hydra             Summ           ######....   28%         7    ######.
 Petrify                  Tmut/Erth      ###.....     36%         4    None
 Bolt of Magma            Conj/Fire/Erth ###.......   52%         5    ##.....
 Irradiate                Conj/Tmut      ###.......   56%         5    ##.....
 Alistair's Intoxication  Tmut/Pois      ###.....     69%         5    ##.....
 Conjure Ball Lightning   Conj/Air       ####......   69%         6    #####..
 Spellforged Servitor     Conj/Summ      #####.....   88%         7    ######.
 Iron Shot                Conj/Erth      ###.......   98%         6    #####..
 Hydra Form               Tmut           ###.......   99%         6    #####..
 Statue Form              Tmut/Erth      ###......    99%         6    #####..
 Ring of Flames           Chrm/Fire      ####......   99%         7    ######.
 Shatter                  Erth           ###.......   100%        9    #######
 Tornado                  Air            #####.....   100%        9    #######


Dungeon Overview and Level Annotations

Branches:
Dungeon (15/15)            Temple (1/1) D:7            Lair (6/6) D:10
  Swamp (4/4) Lair:4       Spider (4/4) Lair:2        Slime (0/5) Lair:6
    Orc (2/2) D:10            Elf (3/3) Orc:2        Vaults (5/5) D:14
  Crypt (0/3) Vaults:3     Depths (4/5) D:15

Altars:
Ashenzari
Cheibriados
Dithmenos
Elyvilon
Fedhas
Gozag
Hepliaklqana
Kikubaaqudgha
Makhleb
Nemelex Xobeh
Okawaru
Qazlal
Ru
Trog
Vehumet
Wu Jian
Xom
Yredelemnul
Zin
The Shining One
Jiyva

Shops:
D:6 [   D:7 ?(=   D:8 (   D:15 (   Orc:2 [:}=*   Elf:1 =}=(   Elf:3 }
Vaults:5 }[==   Depths:1 }?[   Depths:2 !   Depths:3 [

Portals:
Hell: Depths:1 Depths:2 Depths:3
Pandemonium: Depths:1 Depths:3
Ziggurat: Depths:2

Annotations:
D:3 2 transporters, DMessenger's ghost, amateur MiFi
D:4 exclusion: 2 downstairs
D:5 exclusion: downstairs
D:6 exclusion: downstairs
D:11 exclusion: downstairs
Lair:3 exclusion: downstairs
Lair:4 exclusion: downstairs
Lair:5 exclusion: downstairs
Spider:2 exclusion: downstairs
Spider:3 exclusions: downstairs and 1 more exclusion, Donald
Orc:1 exclusion: downstairs
Elf:1 exclusion: 3 doors
Elf:2 5 runed translucent doors, exclusions: 6 doors and downstairs
Vaults:3 exclusion: downstairs


Innate Abilities, Weirdness & Mutations

You are very small and have problems with some larger weapons.
You are too small for most types of armour.
You have supernaturally acute eyesight. (SInv)
You are a herbivore.
You cover ground extremely quickly.
You need to consume almost no food.
You have large cloven feet.
You have an increased reservoir of magic. (+10% MP)
Your movements are slightly less encumbered by armour. (ER -2)


Message History

You hit the juggernaut but do no damage.
You kick the juggernaut.
The juggernaut is heavily wounded.
The necromancer hits your lightning spire but does no damage.
Unknown command.
You hit the juggernaut but do no damage.
The juggernaut is heavily wounded.
Your lightning spire shoots out a bolt of lightning at the juggernaut!
The bolt of electricity hits the juggernaut but does no damage.
The bolt of electricity hits the juggernaut!
The bolt of electricity hits your lightning spire.
Your lightning spire completely resists.
You hit the juggernaut but do no damage.
You kick the juggernaut, but do no damage.
The juggernaut is heavily wounded.
The necromancer hits your lightning spire but does no damage.
The juggernaut hits you!!!
Ouch! That really hurt!
You die...
Your body crumbles into a pile of gold.

#............#
#....#.......####
####.....#.....#..##
##..##......#...'...#
#(...+........#.#...#
#$...#..#.......#..(#
#?...ip.#.#.....#..)#
##C8..#.#..§)...#
#######.@.....#.§§#..##
#<[..#............####
#(...#............#
##.>.'...........##
#####).##..........###
#∩(###'#.....)#.)..+.##
######..)/#.......#.....#.(##
#[=)##....'......^...#'##...#
.....#)..##....#.....#....[.#


You could see a juggernaut, a spriggan berserker, a necromancer and a friendly
lightning spire.

Vanquished Creatures
  An ancient lich (Vaults:5)
  Mara (Vaults:5)
  Bai Suzhen (Vaults:4)
  2 golden dragons (Vaults:5)
  Nikola (Depths:2)
  Arachne (Spider:3)
  A tentacled monstrosity (Vaults:5)
  Jorgrun (D:12)
  2 Ice Fiends (IceCv)
  2 titans (Vaults:5)
  A deep elf master archer (Elf:3)
  2 deep elf blademasters (Elf:3)
  2 tentacled starspawn (WizLab)
  Frances (D:14)
  Kirke (Lair:4)
  2 shadow dragons
  2 storm dragons (Vaults:5)
  3 thorn hunters
  3 fire giants
  6 ghost moths
  6 vault wardens
  4 deep elf sorcerers
  An iron dragon (Vaults:5)
  3 frost giants (Depths:3)
  An orc warlord (Orc:1)
  6 emperor scorpions (Spider:4)
  9 deep elf elementalists
  9 ironheart preservers
  6 very ugly things
  2 entropy weavers
  11 stone giants
  6 deep elf demonologists
  4 deep elf annihilators
  The ghost of Iflex the Impaler, a journeyman MfGl of Fedhas (Lair:2)
  A minotaur (Gauntlet)
  2 vampire knights
  A green death (Depths:1)
  6 ettins
  Josephine (D:11)
  7 great orbs of eyes
  10 yaktaur captains
  The ghost of sdfsdf the Cleaver, a journeyman DDFi (Lair:2)
  6 deep elf death magi
  4 fire dragons
  A merfolk impaler (Depths:2)
  2 deep elf high priests (Elf:3)
  32 vault guards
  Harold (D:7)
  2 rakshasas
  8 ice dragons
  13 hydras
  A juggernaut simulacrum (Depths:2)
  3 shambling mangroves
  A spriggan air mage (Depths:3)
  4 centaur warriors
  4 ghost crabs
  20 two-headed ogres
  2 catoblepae (Lair:5)
  8 ogre magi
  17 alligators
  4 death yaks
  A death knight (D:13)
  A deep troll shaman (Depths:3)
  The ghost of night the Summoner, a journeyman GrSu of Sif Muna (Lair:2)
  3 tengu warriors
  3 spriggan berserkers
  An orc high priest (Depths:3)
  3 vampire magi
  11 deep elf knights
  Nergalle (Lair:2)
  A hell knight (Vaults:4)
  A sixfirhy (Depths:1)
  A shadow wraith (Vaults:4)
  5 wizards
  12 skeletal warriors
  A spriggan druid (Swamp:3)
  3 unseen horrors
  3 flayed ghosts
  A sea snake (shapeshifter) (D:15)
  8 deep trolls
  7 swamp dragons
  6 glowing orange brains
  13 deep elf archers
  A phantasmal warrior (D:14)
  9 ironbrand convokers
  13 orc knights
  A necromancer (Depths:2)
  23 wolf spiders
  14 orb spiders
  A wolf spider zombie (D:13)
  4 oklob plants (Lair:5)
  47 deep elf magi
  A moth of wrath (shapeshifter) (Vaults:5)
  A salamander (shapeshifter) (Elf:2)
  2 cyclopes
  5 orc sorcerers
  35 slime creatures
  47 ugly things
  5 centaur zombies
  3 manticores
  9 elephants
  6 black mambas
  9 vault sentinels
  2 black mambas (shapeshifter)
  19 spiny frogs
  A spiny frog (shapeshifter) (Vaults:3)
  4 gargoyles
  3 torpor snails
  3 ice statues
  An orange demon (Depths:1)
  An eye of devastation (shapeshifter) (Vaults:5)
  6 centaur skeletons
  4 rime drakes (Lair:5)
  2 tengu conjurers
  2 freezing wraiths
  A komodo dragon (shapeshifter) (Vaults:4)
  4 komodo dragons
  5 demonic crawlers
  An efreet (D:14)
  2 kobold demonologists (D:15)
  33 yaktaurs
  13 ice devils (IceCv)
  A red devil (Depths:1)
  8 trolls
  A meliai (shapeshifter) (Depths:3)
  23 jumping spiders
  A queen bee (Lair:5)
  A hornet (shapeshifter) (D:13)
  11 hippogriffs
  15 polar bears
  3 meliai (Lair:5)
  20 hornets
  A polar bear (shapeshifter) (Vaults:1)
  28 dream sheep
  6 tyrant leeches
  4 raiju (Lair:6)
  32 blink frogs
  2 bog bodies
  A blink frog (shapeshifter) (Vaults:2)
  A spriggan (shapeshifter) (Elf:2)
  57 redbacks
  3 shadows
  Sigmund (D:3)
  5 spriggans
  35 tarantellas
  3 water elementals (Elf:1)
  8 wyverns
  45 yaks
  2 air elementals (Elf:1)
  9 wraiths
  3 basilisks
  5 hogs (Lair:4)
  4 fire elementals
  Grum (D:11)
  A steam dragon (shapeshifter) (D:15)
  15 vampire mosquitoes
  A hungry ghost (D:15)
  6 wargs
  Edmund (D:5)
  6 insubstantial wisps (Swamp:3)
  14 swamp worms
  A naga (shapeshifter) (Depths:2)
  Menkaure (D:7)
  A small abomination (Gauntlet)
  A soldier ant (D:11)
  22 water moccasins
  13 hell hounds (Lair:6)
  2 floating eyes (Depths:3)
  8 sky beasts
  7 porcupines
  10 swamp drakes
  15 black bears
  11 ice beasts
  46 orc warriors
  11 ogres
  4 phantoms
  A necrophage (D:8)
  6 boggarts
  26 wolves
  29 centaurs
  14 crocodiles
  6 big kobolds
  A gnoll sergeant (D:8)
  19 bullfrogs
  4 earth elementals
  A wyvern skeleton (D:7)
  10 scorpions
  An elf simulacrum (Vaults:3)
  14 wights
  50 killer bees
  6 howler monkeys
  4 crimson imps
  2 bullfrog zombies
  2 jellies
  2 quasits
  9 bullfrog skeletons
  4 hounds
  13 orc priests
  A gnoll shaman (D:6)
  28 orc wizards
  5 iguanas
  8 worker ants
  Ijyb (D:3)
  2 hound zombies
  A worker ant zombie (D:8)
  Robin (D:3)
  27 gnolls
  11 adders
  4 shadow imps
  11 white imps
  2 ufetubi (IceCv)
  An ooze (D:2)
  2 adder skeletons
  An adder zombie (D:6)
  4 worms
  4 dart slugs
  8 leopard geckos
  94 orcs
  4 giant cockroaches
  17 goblins
  6 hobgoblins
  12 jackals
  3 quokkas
  6 ball pythons
  7 bats
  6 frilled lizards
  A giant cockroach zombie (D:6)
  30 kobolds
  9 rats
  A briar patch (Swamp:3)
  A fungus (D:10)
  A plant (Lair:6)
  3 starspawn tentacles (WizLab)
1781 creatures vanquished.

Vanquished Creatures (collateral kills)
  Saint Roka (Vaults:5)
  Jory (Depths:3)
  A lich (Depths:1)
  A deep elf master archer (Elf:3)
  A titan (Vaults:5)
  A fire giant (Depths:2)
  A deep elf sorcerer (Depths:3)
  A vault warden (Vaults:5)
  An iron dragon (Depths:2)
  2 ironheart preservers
  2 very ugly things
  2 vampire knights
  5 stone giants
  2 entropy weavers (Vaults:1)
  2 deep elf annihilators
  3 deep elf demonologists
  5 spark wasps (Depths:2)
  A spark wasp (shapeshifter) (Depths:2)
  2 ettins (Vaults:5)
  A merfolk javelineer (Depths:2)
  4 deep elf death magi (Elf:3)
  2 deep elf high priests
  A yaktaur captain (Vaults:5)
  A great orb of eyes (Depths:3)
  3 vault guards
  A rakshasa (Depths:3)
  3 hydras
  A spriggan air mage (Depths:2)
  2 alligators
  A dancing weapon (Elf:3)
  2 two-headed ogres (Vaults:4)
  5 tengu warriors
  5 hell knights
  A spriggan berserker (Depths:3)
  A deep elf knight (Elf:3)
  2 swamp dragons (Swamp:4)
  A deep elf archer (Vaults:4)
  A deep troll (Depths:1)
  3 ironbrand convokers (Vaults:5)
  An orc knight (Vaults:1)
  A necromancer (Vaults:4)
  An iron dragon zombie (Depths:2)
  2 phantasmal warriors (Depths:1)
  5 ugly things
  12 deep elf magi
  An elephant (shapeshifter) (Depths:1)
  A moth of wrath (shapeshifter) (Vaults:5)
  4 spiny frogs
  A freezing wraith (Vaults:3)
  A komodo dragon (Swamp:2)
  2 yaktaurs
  2 hornets
  A wind drake (shapeshifter) (Depths:3)
  2 blink frogs (Swamp:3)
  A blink frog (shapeshifter) (Depths:2)
  4 slime creatures
  2 tyrant leeches (Swamp:4)
  7 bog bodies
  A frost giant simulacrum (Depths:2)
  A tarantella (Lair:2)
  A spriggan (Swamp:2)
  2 water elementals (Depths:2)
  A spriggan simulacrum (Depths:2)
  A human (shapeshifter) (Depths:2)
  3 vampire mosquitoes
  An elf skeleton (Depths:2)
  A golden eye (shapeshifter) (Depths:3)
  2 swamp worms
  3 wargs
  4 orc warriors
  6 swamp drakes
  4 ogres (Vaults:4)
  A big kobold (D:15)
  A big kobold (shapeshifter) (Depths:2)
  3 orc wizards
  15 orcs
  3 briar patches
  A plant (Depths:2)
182 creatures vanquished.

Vanquished Creatures (others)
  A juggernaut (Depths:2)
  2 tentacled monstrosities (Vaults:5)
  A lich (Depths:2)
  2 titans (Vaults:5)
  6 eldritch tentacles
  A storm dragon (Vaults:5)
  A deep elf sorcerer (Vaults:5)
  3 fire giants
  2 vault wardens (Vaults:5)
  A frost giant (Depths:2)
  An iron dragon (Vaults:5)
  6 very ugly things
  2 ironheart preservers (Vaults:5)
  A deep elf elementalist (Vaults:5)
  A war gargoyle (Vaults:5)
  A stone giant (Depths:1)
  A deep elf demonologist (Elf:3)
  2 deep elf annihilators (Vaults:5)
  A spark wasp (Depths:2)
  A yaktaur captain (Depths:2)
  A spriggan air mage (Depths:2)
  3 vault guards (Vaults:5)
  A hydra (Swamp:4)
  2 great orbs of eyes (Depths:1)
  A rakshasa (Depths:2)
  2 ogre magi
  2 deep troll shamans
  2 deep troll earth magi (Depths:1)
  6 deep trolls
  A deep elf knight (Elf:1)
  An ironbrand convoker (Vaults:5)
  A salamander (shapeshifter) (Depths:1)
  An orb spider (Spider:1)
  3 ugly things
  2 deep elf magi (Vaults:5)
  2 vault sentinels (Vaults:5)
  6 yaktaurs
  2 slime creatures (Depths:2)
  8 dancing weapons
  An orc warrior (Vaults:5)
  A swamp drake (Swamp:3)
  A black bear (shapeshifter) (Depths:2)
  6 boggarts (Depths:2)
  4 white imps (IceCv)
  4 ufetubi (IceCv)
  A briar patch (Swamp:4)
  20 demonic plants (Gauntlet)
  17 fungi
  25 plants
  7 starspawn tentacles (WizLab)
171 creatures vanquished.

Grand Total: 2134 creatures vanquished

Notes
Turn   | Place    | Note
-------+----------+-------------------------------------------
     0 | D:1      | Croc the Spriggan Assassin began the quest for the Orb.
     0 | D:1      | Reached XP level 1. HP: 10/10 MP: 2/2
   522 | D:1      | Reached XP level 2. HP: 14/15 MP: 3/3
  1368 | D:2      | Reached XP level 3. HP: 17/18 MP: 4/4
  1758 | D:2      | Noticed a scorpion
  1786 | D:2      | Killed a scorpion
  1786 | D:2      | Reached XP level 4. HP: 23/23 MP: 5/5
  2877 | D:2      | Reached XP level 5. HP: 12/26 MP: 6/6
  3249 | D:3      | Noticed Sigmund
  3319 | D:3      | Found a bloodstained altar of Trog.
  3352 | D:3      | Killed Sigmund
  3352 | D:3      | Reached XP level 6. HP: 30/30 MP: 7/7
  3394 | D:3      | Found a transporter.
  3398 | D:3      | Noticed DMessenger's ghost (amateur MiFi)
  3411 | D:3      | Found a transporter.
  3464 | D:3      | Noticed Ijyb
  3529 | D:3      | Killed Ijyb
  3743 | D:3      | Noticed Robin
  3776 | D:3      | Killed Robin
  4642 | D:4      | Found a shadowy altar of Dithmenos.
  5106 | D:4      | Found a glowing drain.
  5141 | Sewer    | Entered a sewer
  5157 | Sewer    | Reached XP level 7. HP: 35/35 MP: 8/8
  5208 | Sewer    | Reached skill level 5 in Short Blades
  5573 | D:5      | Entered Level 5 of the Dungeon
  5601 | D:5      | Noticed Edmund
  5670 | D:5      | Killed Edmund
  5670 | D:5      | Reached skill level 10 in Stealth
  6270 | D:4      | Reached XP level 8. HP: 40/40 MP: 9/9
  6510 | D:5      | Found a radiant altar of Vehumet.
  6510 | D:5      | Found a glowing golden altar of the Shining One.
  7986 | D:6      | Found a glowing silver altar of Zin.
  8093 | D:6      | Reached skill level 5 in Dodging
  8902 | D:6      | Reached XP level 9. HP: 32/45 MP: 10/10
  9095 | D:6      | Found Lisydeni's Antique Armour Shoppe.
  9101 | D:6      | Bought an embroidered hat for 196 gold pieces
  9270 | D:7      | Reached skill level 5 in Throwing
  9299 | D:7      | Noticed Harold
  9322 | D:7      | Killed Harold
  9322 | D:7      | Reached skill level 1 in Evocations
  9506 | D:7      | Noticed Menkaure
  9517 | D:7      | Found Muleed's Magic Scroll Emporium.
  9525 | D:7      | Bought a scroll of magic mapping for 49 gold pieces
  9577 | D:7      | Learned a level 2 spell: Ensorcelled Hibernation
  9581 | D:7      | Learned a level 3 spell: Confuse
  9665 | D:7      | Found Amin's Antique Weapon Shop.
  9665 | D:7      | Found Oxidgh's Jewellery Shop.
  9736 | D:7      | Found a staircase to the Ecumenical Temple.
  9781 | Temple   | Entered the Ecumenical Temple
  9813 | Temple   | Became a worshipper of Gozag Ym Sagoz the Greedy
 10150 | D:7      | Found Taigafum's Food Boutique.
 10351 | D:7      | Reached XP level 10. HP: 51/51 MP: 12/12
 10463 | D:7      | Reached skill level 1 in Spellcasting
 10463 | D:7      | Reached skill level 1 in Hexes
 10671 | D:7      | Found a shimmering altar of Xom.
 10679 | D:7      | Found a burning altar of Makhleb.
 10908 | D:8      | Reached skill level 1 in Ice Magic
 11196 | D:8      | Reached skill level 2 in Spellcasting
 11410 | D:8      | Reached skill level 5 in Fighting
 11739 | D:8      | Found Yttitama's Weapon Shoppe.
 12306 | D:7      | Bought an ancient rapier for 243 gold pieces
 12306 | D:7      | Identified the +10 rapier "Ydwer" {freeze, +Rage rElec
                  | rPois rC-} (You bought it in a shop on level 7 of the
                  | Dungeon)
 12400 | D:7      | Bought a warped trident for 229 gold pieces
 12400 | D:7      | Identified the +8 trident of Runot {drain, rF+ MR+ Str+3
                  | Int+4} (You bought it in a shop on level 7 of the Dungeon)
 13007 | D:9      | Noticed a two-headed ogre
 13037 | D:9      | Killed a two-headed ogre
 13037 | D:9      | Reached skill level 3 in Spellcasting
 13165 | D:10     | Entered Level 10 of the Dungeon
 13176 | D:10     | Found a staircase to the Orcish Mines.
 13402 | D:10     | Identified the cursed +1 hand crossbow of the New World
                  | {velocity, rElec rN+ Int-3 Stlth+}
 13478 | D:10     | Found a staircase to the Lair.
 13504 | D:10     | Got an ancient falchion
 13762 | D:10     | Reached skill level 1 in Polearms
 13762 | D:10     | Reached skill level 4 in Spellcasting
 13810 | D:10     | Reached XP level 11. HP: 56/56 MP: 18/18
 13981 | D:10     | Noticed a two-headed ogre
 13998 | D:10     | Killed a two-headed ogre
 14304 | D:10     | Identified the +5 falchion "Pesuk" {protect, Int+4} (You
                  | found it on level 10 of the Dungeon)
 14593 | D:11     | Reached skill level 5 in Spellcasting
 14745 | D:11     | Noticed Josephine
 14952 | D:11     | Noticed Grum
 14990 | D:11     | Killed Grum
 15086 | D:11     | You fall through a shaft!
 15094 | D:12     | Reached skill level 5 in Hexes
 15179 | D:11     | Noticed an unseen horror
 15187 | D:11     | Killed an unseen horror
 15187 | D:11     | Reached skill level 10 in Short Blades
 15205 | D:11     | Noticed a purple ugly thing
 15212 | D:11     | Killed a purple ugly thing
 15346 | D:11     | Killed Josephine
 15799 | D:12     | Found a stormy altar of Qazlal.
 15806 | D:12     | Noticed a skeletal warrior
 15807 | D:12     | Noticed a skeletal warrior
 15888 | D:11     | Killed a skeletal warrior
 16237 | D:12     | Reached XP level 12. HP: 60/60 MP: 7/20
 16564 | D:12     | Noticed Jorgrun
 17022 | D:12     | Killed Jorgrun
 17022 | D:12     | Reached skill level 15 in Stealth
 18463 | D:13     | Learned a level 3 spell: Tukima's Dance
 18509 | D:13     | Reached skill level 6 in Spellcasting
 18588 | D:13     | Reached XP level 13. HP: 65/65 MP: 23/23
 18923 | D:13     | Reached skill level 10 in Hexes
 19942 | D:14     | Noticed Frances
 20000 | D:14     | Reached skill level 7 in Spellcasting
 20514 | D:14     | Reached skill level 5 in Polearms
 21423 | D:7      | Bought a scroll of identify for 28 gold pieces
 21423 | D:7      | Bought a scroll of identify for 28 gold pieces
 21423 | D:7      | Bought a scroll of teleportation for 42 gold pieces
 21423 | D:7      | Bought a scroll of teleportation for 42 gold pieces
 21423 | D:7      | Bought a scroll of identify for 28 gold pieces
 21423 | D:7      | Bought 3 scrolls of teleportation for 126 gold pieces
 21476 | D:7      | Bought an uncursed amulet of the acrobat for 330 gold
                  | pieces
 21478 | D:7      | Bought an uncursed ring of ice for 275 gold pieces
 21499 | D:7      | Killed Menkaure
 21611 | Lair:1   | Entered Level 1 of the Lair of Beasts
 22631 | Lair:2   | Reached XP level 14. HP: 72/72 MP: 23/26
 22719 | Lair:2   | Reached skill level 8 in Spellcasting
 22878 | Lair:2   | Found a hole to the Spider Nest.
 23014 | Lair:2   | Noticed Nergalle
 23064 | Lair:2   | Killed Nergalle
 23579 | Lair:2   | Found a runed translucent gate.
 23579 | Lair:2   | Found a runed translucent gate.
 23579 | Lair:2   | Found a runed translucent gate.
 23806 | Lair:2   | Noticed sdfsdf's ghost (journeyman DDFi)
 23806 | Lair:2   | Noticed night's ghost (journeyman GrSu)
 23807 | Lair:2   | Noticed Iflex's ghost (journeyman MfGl)
 23856 | Lair:2   | Killed night's ghost
 23976 | Lair:2   | Killed Iflex's ghost
 24044 | Lair:2   | Killed sdfsdf's ghost
 24232 | Lair:3   | Reached skill level 5 in Ice Magic
 24633 | Lair:3   | Reached skill level 10 in Dodging
 25529 | Lair:4   | Noticed Kirke
 25751 | Lair:4   | Learned a level 4 spell: Summon Lightning Spire
 25933 | Lair:4   | Killed Kirke
 25940 | Lair:4   | Reached skill level 1 in Air Magic
 26004 | Lair:4   | Reached skill level 1 in Summonings
 26489 | Lair:4   | Found a staircase to the Swamp.
 26684 | Lair:5   | Learned a level 3 spell: Regeneration
 26762 | Lair:5   | Reached XP level 15. HP: 60/77 MP: 23/28
 26767 | Lair:5   | Reached skill level 1 in Charms
 27451 | Lair:5   | Reached skill level 1 in Necromancy
 28246 | Lair:5   | Reached skill level 9 in Spellcasting
 28649 | Lair:5   | Identified the Collected Works on the Arsonist
 28705 | Lair:5   | Gained mutation: You have an increased reservoir of magic.
                  | (+10% MP) [potion of mutation]
 28705 | Lair:5   | Gained mutation: Your movements are slightly less
                  | encumbered by armour. (ER -2) [potion of mutation]
 28705 | Lair:5   | Gained mutation: You have large cloven feet. [potion of
                  | mutation]
 28827 | Lair:4   | You fall through a shaft for 2 floors!
 28827 | Lair:6   | Entered Level 6 of the Lair of Beasts
 29780 | Lair:6   | Found a viscous altar of Jiyva.
 29780 | Lair:6   | Found a staircase to the Slime Pits.
 30561 | Lair:6   | Reached skill level 10 in Spellcasting
 31450 | Orc:1    | Entered Level 1 of the Orcish Mines
 31696 | Orc:1    | Noticed an orc warlord
 31703 | Orc:1    | Reached skill level 5 in Charms
 31980 | Orc:1    | Killed an orc warlord
 32407 | Orc:2    | Entered Level 2 of the Orcish Mines
 32434 | Orc:2    | Found Eseoz's Mass Market.
 32505 | Orc:2    | Found a staircase to the Elven Halls.
 34097 | Orc:2    | Found Lorphafe's Book Boutique.
 34097 | Orc:2    | Found Zyagh's Gadget Emporium.
 34099 | Orc:2    | Found Camerauwi's Jewellery Shoppe.
 34101 | Orc:2    | Found Sodoxeg's Armour Shop.
 34113 | Orc:2    | Bought a +1 troll leather armour for 308 gold pieces
 34226 | Orc:2    | Bought a book of Minor Magic for 300 gold pieces
 34229 | Orc:2    | Learned a level 2 spell: Blink
 34454 | D:14     | Reached skill level 1 in Armour
 34635 | D:14     | Found a sacrificial altar of Ru.
 34700 | D:14     | Killed Frances
 34700 | D:14     | Reached XP level 16. HP: 49/84 MP: 31/34
 34856 | D:14     | Found a gate to the Vaults.
 35751 | D:15     | Entered Level 15 of the Dungeon
 35791 | D:15     | Found a gate leading to a gauntlet.
 35827 | Gauntlet | Entered a Gauntlet
 35827 | Gauntlet | Found a transporter.
 35830 | Gauntlet | Found a transporter.
 35835 | Gauntlet | Found a transporter.
 35835 | Gauntlet | Found a transporter.
 35836 | Gauntlet | Found a transporter.
 35838 | Gauntlet | Found a transporter.
 35844 | Gauntlet | Found a transporter.
 35855 | Gauntlet | Found a transporter.
 35878 | Gauntlet | Found a transporter.
 35878 | Gauntlet | Found a transporter.
 35881 | Gauntlet | Found a transporter.
 35914 | Gauntlet | Found a transporter.
 36123 | Gauntlet | Got a heavily runed hat
 36126 | Gauntlet | Identified the Volume of the Creative Compass
 36214 | Gauntlet | Identified the +1 hat of Imperfection {rElec Str+6 Dex-3}
                  | (You found it in a Gauntlet)
 36233 | Gauntlet | Got a scintillating turquoise ring
 36333 | Gauntlet | Identified the Tome of Earthen Summoning
 36335 | Gauntlet | Identified the ring "Pooq" {rElec EV+5 Str-2 Slay+4 SInv}
                  | (You found it in a Gauntlet)
 36610 | D:15     | Reached skill level 1 in Translocations
 37014 | D:15     | Found a staircase to the Depths.
 37425 | D:15     | Bought a runed blowgun for 110 gold pieces
 37425 | D:15     | Bought a brightly glowing spear for 160 gold pieces
 37427 | D:15     | Identified the +7 spear of Qusicifo {pierce, rF+ Int-4
                  | Stlth+} (You bought it in a shop on level 15 of the
                  | Dungeon)
 37612 | Spider:1 | Entered Level 1 of the Spider Nest
 37641 | Spider:1 | Reached skill level 11 in Spellcasting
 37693 | Spider:1 | Found a frozen archway.
 37720 | IceCv    | Entered an ice cave
 37982 | IceCv    | Found the -2 hat of the Alchemist {rElec rPois rF+ rC+ rN+
                  | MR+ rMut rCorr}
 38525 | IceCv    | Noticed an Ice Fiend
 38628 | IceCv    | Killed an Ice Fiend
 38634 | IceCv    | Noticed an Ice Fiend
 38655 | IceCv    | Killed an Ice Fiend
 39514 | Spider:1 | Reached skill level 12 in Spellcasting
 39860 | Spider:1 | Reached skill level 5 in Translocations
 40101 | Swamp:1  | Entered Level 1 of the Swamp
 41058 | Spider:2 | Got a shimmering platinum amulet
 41106 | Spider:2 | Reached skill level 5 in Summonings
 41248 | Spider:2 | Reached skill level 13 in Spellcasting
 41671 | Spider:2 | Reached XP level 17. HP: 88/88 MP: 35/38
 42236 | Spider:3 | Noticed Arachne
 42245 | Spider:3 | Killed Arachne
 42662 | Spider:3 | Noticed Donald
 42990 | Spider:4 | Entered Level 4 of the Spider Nest
 43310 | Spider:4 | Identified the amulet of Zeoryk {Harm *Drain Dex+7} (You
                  | found it on level 2 of the Spider Nest)
 43554 | Spider:3 | Reached skill level 14 in Spellcasting
 43941 | Spider:4 | Reached skill level 10 in Fighting
 45232 | Spider:4 | Got a gossamer rune of Zot
 45501 | Vaults:1 | Entered Level 1 of the Vaults
 45635 | Vaults:1 | Found a magical portal.
 45647 | WizLab   | Entered Lehudib's Moon Base
 45648 | WizLab   | Upgraded the game from 0.23.1 to 0.23.1-37-gaa34b87
 46311 | Vaults:1 | Learned a level 5 spell: Summon Mana Viper
 46408 | Vaults:1 | Reached skill level 5 in Air Magic
 46537 | Vaults:1 | Noticed a Tzitzimitl
 47314 | Vaults:1 | Reached XP level 18. HP: 50/95 MP: 33/40
 48274 | Vaults:2 | Reached skill level 10 in Translocations
 49080 | Orc:2    | Bought a cursed ring of wizardry for 351 gold pieces
 49089 | Orc:2    | Learned a level 6 spell: Deflect Missiles
 49097 | Orc:2    | Learned a level 7 spell: Malign Gateway
 49213 | D:7      | Bought a ration for 60 gold pieces
 49213 | D:7      | Bought a ration for 60 gold pieces
 49213 | D:7      | Bought a ration for 60 gold pieces
 49213 | D:7      | Bought a ration for 60 gold pieces
 49213 | D:7      | Bought a ration for 60 gold pieces
 49213 | D:7      | Bought a ration for 60 gold pieces
 49213 | D:7      | Bought a ration for 60 gold pieces
 49213 | D:7      | Bought a ration for 60 gold pieces
 49299 | Elf:1    | Entered Level 1 of the Elven Halls
 49535 | Elf:1    | Identified the Guide on Conjuration
 49691 | Elf:1    | Learned a level 3 spell: Conjure Flame
 49754 | Elf:1    | Found a white marble altar of Elyvilon.
 49762 | Elf:1    | Found a glowing silver altar of Zin.
 49762 | Elf:1    | Found a glowing golden altar of the Shining One.
 49770 | Elf:1    | Found a ruined gateway.
 50213 | Elf:1    | Found Siustyxkie's Antique Weapon Shoppe.
 50220 | Elf:1    | Reached skill level 1 in Fire Magic
 50329 | Elf:1    | Reached skill level 1 in Conjurations
 50535 | Elf:1    | Found Winubium's Gadget Shop.
 50536 | Elf:1    | Found Lueqeuxt's Jewellery Emporium.
 50536 | Elf:1    | Found Tiang's Jewellery Emporium.
 50719 | Elf:2    | Reached skill level 15 in Spellcasting
 50987 | Elf:2    | Found a huge runed translucent gate.
 50987 | Elf:2    | Found a huge runed translucent gate.
 50987 | Elf:2    | Found a huge runed translucent gate.
 50987 | Elf:2    | Found a huge runed translucent gate.
 50991 | Elf:2    | Found a huge runed translucent gate.
 51751 | Elf:3    | Entered Level 3 of the Elven Halls
 51856 | Elf:3    | Found Voasod's Gadget Shop.
 52488 | Elf:3    | Reached XP level 19. HP: 57/100 MP: 38/43
 52521 | Elf:3    | Identified the cursed +0 shield "Akoe" {rN+ Int+3}
 52708 | Elf:3    | Identified the +3 shield of Inevitability {Str+2}
 52839 | Elf:3    | Identified the ring "Taovuu" {+Fly rC+ SInv}
 53247 | Elf:3    | Identified the +3 long sword of the Fool {slice, *Slow
                  | rElec rF+ Dex+5}
 53334 | Elf:3    | Found the ring of Robustness {AC+8}
 53635 | Elf:3    | Reached skill level 16 in Spellcasting
 53846 | D:6      | Bought an embroidered cloak for 210 gold pieces
 55448 | Swamp:2  | Reached skill level 10 in Summonings
 55715 | Swamp:3  | Reached skill level 1 in Shields
 56530 | Swamp:4  | Entered Level 4 of the Swamp
 56843 | Swamp:4  | Reached skill level 5 in Shields
 57456 | Swamp:4  | Reached XP level 20. HP: 105/106 MP: 40/45
 57594 | Swamp:4  | Paralysed by a hornet for 1 turns
 57933 | Swamp:4  | Got a decaying rune of Zot
 59158 | Vaults:3 | You fall through a shaft!
 59542 | Vaults:3 | Found a staircase to the Crypt.
 59542 | Vaults:3 | Found a basalt altar of Yredelemnul.
 59543 | Vaults:3 | Found an ancient bone altar of Kikubaaqudgha.
 60672 | Vaults:4 | Reached skill level 17 in Spellcasting
 61031 | Vaults:4 | Noticed Bai Suzhen
 61070 | Vaults:4 | Killed Bai Suzhen
 61662 | Vaults:4 | Identified a scroll of acquirement
 62311 | Vaults:5 | Entered Level 5 of the Vaults
 62322 | Vaults:5 | Noticed Mara
 62328 | Vaults:5 | Reached XP level 21. HP: 45/112 MP: 38/48
 62340 | Vaults:5 | Reached skill level 18 in Spellcasting
 62451 | Vaults:5 | Noticed Saint Roka
 62458 | Vaults:5 | Killed Mara
 62863 | Vaults:5 | Identified the +8 short sword "Jumavet" {freeze, Str+6
                  | Dex+3}
 62898 | Vaults:5 | Killed Saint Roka
 63140 | Vaults:5 | Reached skill level 15 in Translocations
 63153 | Vaults:5 | Noticed a golden dragon
 63174 | Vaults:5 | Killed a golden dragon
 63183 | Vaults:5 | Found Hutreagu's Jewellery Boutique.
 63201 | Vaults:5 | Noticed an ancient lich
 63207 | Vaults:5 | Found Farchan's Antique Armour Shoppe.
 63216 | Vaults:5 | Killed an ancient lich
 63318 | Vaults:5 | Bought an opalescent robe for 193 gold pieces
 63318 | Vaults:5 | Identified the +2 robe of Pantheism {MR+} (You bought it in
                  | a shop on level 5 of the Vaults)
 63711 | Vaults:5 | Found Pugav's Gadget Shoppe.
 63852 | Vaults:5 | Got a silver rune of Zot
 64117 | Vaults:5 | Noticed a golden dragon
 64137 | Vaults:5 | Killed a golden dragon
 64137 | Vaults:5 | Reached skill level 19 in Spellcasting
 64234 | Vaults:5 | Noticed an ancient lich
 64314 | Vaults:5 | Identified the amulet "Ecouskid" {RegenMP rPois Int+4
                  | Dex-3} (You found it on level 5 of the Vaults)
 64334 | Vaults:5 | Identified the +1 pair of boots of the Battered Hells {rN+
                  | rCorr} (You found it on level 5 of the Vaults)
 65138 | Depths:1 | Entered Level 1 of the Depths
 65292 | Depths:1 | Learned a level 3 spell: Recall
 65327 | Depths:1 | Found a gateway to Hell.
 65468 | Depths:1 | Found Zupuodop's Gadget Shop.
 65494 | Depths:1 | Identified the ring "Xohuinlu" {rC++ EV+4 Int+2 Dex+3} (You
                  | found it on level 1 of the Depths)
 66306 | Depths:1 | Found a one-way gate leading to the halls of Pandemonium.
 66515 | Depths:1 | Found Deosm's Magic Scroll Shop.
 66533 | Depths:1 | Found Caasisey's Armour Boutique.
 66565 | Depths:1 | Bought a scroll of blinking for 90 gold pieces
 66565 | Depths:1 | Bought a scroll of enchant armour for 90 gold pieces
 66565 | Depths:1 | Bought a scroll of acquirement for 624 gold pieces
 66568 | Depths:1 | Got steaming fire dragon scales
 66579 | Depths:1 | Identified the +0 fire dragon scales of Anarchy {*Corrode
                  | rPois rF++ rC- Dex+3} (You acquired it on level 1 of the
                  | Depths)
 66869 | Depths:1 | Reached skill level 5 in Armour
 67675 | Depths:2 | Noticed a juggernaut
 67718 | Depths:2 | Killed a juggernaut
 67845 | Depths:2 | Found the +27 Lear's hauberk
 67902 | Depths:2 | Noticed Nikola
 67945 | Depths:2 | Found Osuamoth's Distillery.
 67967 | Depths:2 | Killed Nikola
 67996 | Depths:2 | Bought a potion of resistance for 180 gold pieces
 67996 | Depths:2 | Bought a potion of haste for 180 gold pieces
 68083 | Depths:2 | Found a glowing golden altar of the Shining One.
 68357 | Depths:2 | Found a gateway to a ziggurat.
 68794 | Depths:3 | Reached XP level 22. HP: 118/118 MP: 50/50
 68962 | Depths:3 | Got a fine pewter ring
 68963 | Depths:3 | Identified the ring "Wiaxacae" {+Inv MR+ Stlth+} (You found
                  | it on level 3 of the Depths)
 68966 | Depths:3 | Paralysed by a floating eye for 3 turns
 69234 | Depths:3 | You fall through a shaft!
 69367 | Depths:3 | Noticed Jory
 69389 | Depths:3 | Killed Jory
 69795 | Depths:3 | Found Piw Atuo's Armour Boutique.
 69877 | Depths:3 | Reached skill level 5 in Evocations
 70010 | Depths:3 | Got a crude pewter ring
 70011 | Depths:3 | Identified the ring "Bourawes" {rPois SInv} (You found it
                  | on level 3 of the Depths)
 70043 | Depths:3 | Noticed a juggernaut
 70061 | Depths:3 | Mangled by a juggernaut

Skill      XL: |  1  2  3  4  5  6  7  8  9 10 11 12 13 14 15 16 17 18 19 20 21 22 |
---------------+-------------------------------------------------------------------+-----
Stealth        | 6 7 8 9 10 11 13 14 15 16 | 16.8
Dodging        | 2 3 4 5 7 8 9 10 11 12 13 | 13.7
Short Blades   | 3 4 6 7 9 10 11 12 14 | 14.0
Fighting       | 2 3 4 5 6 7 8 9 10 11 12 13 | 13.6
Throwing       | 3 4 6 7 |  7.0
Evocations     | 2 5 |  5.0
Spellcasting   | 4 5 6 7 8 10 13 14 15 16 17 19 | 19.2
Hexes          | 3 6 9 11 | 11.0
Ice Magic      | 2 4 5 |  5.0
Polearms       | 1 3 4 6 |  6.4
Air Magic      | 2 4 5 6 |  6.3
Summonings     | 2 3 5 7 8 10 11 | 11.4
Charms         | 5 6 |  6.7
Necromancy     | 3 |  3.5
Armour         | 2 4 7 9 |  9.1
Translocations | 5 9 11 12 14 15 | 15.9
Fire Magic     | 2 |  2.0
Conjurations   | 2 |  2.0
Shields        | 6 7 |  7.2

Action                   |  1- 3 |  4- 6 |  7- 9 | 10-12 | 13-15 | 16-18 | 19-21 | 22-24 || total
-------------------------+-------+-------+-------+-------+-------+-------+-------+-------++-------
Melee: Dagger            |    35 |   161 |   457 |   162 |       |       |       |       ||   815
       Short sword       |    69 |       |       |       |       |       |       |       ||    69
       Rapier            |       |    30 |    48 |   323 |  1199 |  1353 |  1767 |   323 ||  5043
       Trident           |       |       |       |   215 |   252 |   110 |       |       ||   577
       Kick              |       |       |       |       |   107 |   427 |   627 |   111 ||  1272
 Fire: Blowgun           |    12 |    15 |    88 |    26 |       |     5 |     7 |       ||   153
Throw: Stone             |       |       |     2 |     8 |       |       |       |       ||    10
       Tomahawk          |       |       |       |    28 |     1 |    29 |       |       ||    58
 Cast: Ensorcelled Hiber |       |       |       |    60 |   326 |   220 |     5 |     1 ||   612
       Confuse           |       |       |       |     6 |    73 |   121 |    17 |       ||   217
       Summon Lightning  |       |       |       |       |     7 |    62 |   167 |    34 ||   270
       Regeneration      |       |       |       |       |     4 |    20 |    72 |    14 ||   110
       Tukima's Dance    |       |       |       |       |     1 |    10 |       |       ||    11
       Summon Mana Viper |       |       |       |       |       |    17 |     1 |       ||    18
       Conjure Flame     |       |       |       |       |       |     4 |     3 |     1 ||     8
       Deflect Missiles  |       |       |       |       |       |     1 |     3 |       ||     4
       Malign Gateway    |       |       |       |       |       |       |     5 |     1 ||     6
       Blink             |       |       |       |       |       |       |     1 |       ||     1
       Recall            |       |       |       |       |       |       |     1 |       ||     1
Invok: Call Merchant     |       |       |       |       |       |     1 |     1 |       ||     2
       Potion Petition   |       |       |       |       |       |     1 |     1 |       ||     2
       Bribe Branch      |       |       |       |       |       |       |     2 |       ||     2
 Abil: Evoke Berserk Rag |       |       |       |     1 |       |     2 |       |       ||     3
Evoke: Wand              |       |       |    11 |       |    38 |     8 |     5 |       ||    62
  Use: Scroll            |       |     9 |     6 |    13 |    12 |    16 |    26 |     4 ||    86
       Potion            |       |       |     1 |     2 |     3 |     7 |    17 |     1 ||    31
 Stab: Sleeping          |     7 |    14 |    20 |    57 |   177 |   151 |    28 |    10 ||   464
       Distracted        |     1 |     1 |     1 |     9 |    26 |    21 |    60 |     5 ||   124
       Confused          |       |       |       |     2 |    30 |    46 |     6 |       ||    84
       Petrifying        |       |       |       |       |     2 |       |       |       ||     2
       Paralysed         |       |       |       |       |       |       |     1 |       ||     1
  Eat: Ration            |       |     1 |     3 |     6 |    12 |    17 |    17 |     2 ||    58
Armor: Robe              |    20 |    11 |    27 |    44 |   104 |       |     5 |       ||   211
       Troll leather arm |       |       |       |       |     3 |    80 |    93 |       ||   176
       Fire dragon scale |       |       |       |       |       |       |     4 |    21 ||    25
Dodge: Dodged            |    89 |    98 |   329 |   330 |  1007 |  1005 |   923 |   133 ||  3914
       Deflected         |       |       |       |       |       |     2 |     9 |       ||    11
Block: Other             |       |       |       |       |       |     2 |    26 |       ||    28
       Buckler           |       |       |       |       |       |       |   349 |    46 ||   395
       Reflection        |       |       |       |       |       |       |    35 |     3 ||    38
